 Dungeon Crawl Stone Soup version 0.24-a0-640-ge7cd8ce796 (webtiles) character file.

Game seed: 5307665695508026587, levelgen mode: deterministic

5173 Dexcius the Magician (level 10, -2/79 HPs)
             Began as a Demonspawn Fire Elementalist on Sept 24, 2019.
             Was a Believer of Vehumet.
             Slain by a wraith (11 damage)
             ... on level 8 of the Dungeon.
             The game lasted 01:09:45 (12301 turns).

Dexcius the Magician (DsFE)                        Turns: 12301, Time: 01:09:46

Health: -2/79      AC:  5    Str: 12    XL:     10   Next: 34%
Magic:  20/21      EV: 20    Int: 20    God:    Vehumet [**....]
Gold:   452        SH:  6    Dex: 20    Spells: 17/23 levels left

rFire    + . .     SeeInvis .   f - +1 mace (crush)
rCold    . . .     Gourm    .   i - +1 buckler
rNeg     + + .     Faith    .   p - +0 robe (curse)
rPois    +         Spirit   .   (no helmet)
rElec    +         Reflect  .   (no cloak)
rCorr    .         Harm     .   (no gloves)
MR       +....                  u - +0 pair of boots "Juavek" {+Inv rN+}
Stlth    ++++......             (no amulet)
HPRegen  0.23/turn              l - ring of positive energy
MPRegen  0.17/turn              t - ring "Pukilacs" {rElec rPois MR+ Str+3}

@: agile, slowed, very slow
A: rugged brown scales 2, agile 1, fire resistance 1, sense surroundings 1,
powered by pain 1, robust 1, flame cloud immunity
a: Renounce Religion, Evoke Invisibility


You were on level 8 of the Dungeon.
You worshipped Vehumet.
Vehumet was pleased with you.
You were full.

You visited 2 branches of the dungeon, and saw 9 of its levels.

You collected 452 gold pieces.

Inventory:

Hand Weapons
 f - a +1 mace of crushing (weapon)
Armour
 i - a +1 buckler (worn)
 p - a cursed +0 robe (worn)
 u - the +0 pair of boots "Juavek" (worn) {+Inv rN+}
   (You found it on level 7 of the Dungeon)

   It protects you from negative energy.
   It lets you turn invisible.
Jewellery
 l - a ring of positive energy (left hand)
 t - the ring "Pukilacs" (right hand) {rElec rPois MR+ Str+3}
   (You found it on level 8 of the Dungeon)

   [ring of protection from magic]

   It affects your strength (+3).
   It insulates you from electricity.
   It protects you from poison.
   It affects your resistance to hostile enchantments.
Wands
 s - a wand of flame (12)
Scrolls
 a - a scroll of vulnerability {unknown}
 b - 6 scrolls of identify
 c - a scroll of fear {unknown}
 d - a scroll of noise {unknown}
 e - a scroll of blinking
 g - 2 scrolls of enchant armour
 j - 2 scrolls of fog {unknown}
 k - 2 scrolls of remove curse {unknown}
 m - 4 scrolls of amnesia {unknown}
 n - a scroll of immolation {unknown}
 o - a scroll of random uselessness {unknown}
 v - 2 scrolls of teleportation {unknown}
Potions
 h - a potion of curing
Comestibles
 r - 2 rations


   Skills:
 + Level 2.9 Fighting
 + Level 3.5 Maces & Flails
 + Level 4.4 Dodging
 + Level 3.4 Stealth
 + Level 2.6 Shields
 + Level 7.4 Spellcasting
 + Level 7.4 Conjurations
 + Level 7.3 Fire Magic


You had 17 spell levels left.
You knew the following spells:

 Your Spells              Type           Power        Failure   Level  Hunger
a - Flame Tongue          Conj/Fire      #####        1%          1    None
b - Conjure Flame         Conj/Fire      #####...     1%          3    #......
c - Throw Flame           Conj/Fire      #####.       1%          2    None

Your spell library contained the following spells:

 Spells                   Type           Power        Failure   Level  Hunger
 Sting                    Conj/Pois      ###.         2%          1    None
 Sticky Flame             Conj/Fire      #####...     5%          4    ###....
 Inner Flame              Hex/Fire       ###.....     7%          3    #......
 Animate Skeleton         Necr           N/A          11%         1    None
 Beastly Appendage        Tmut           #.....       11%         1    None
 Fireball                 Conj/Fire      #####.....   14%         5    #####..
 Sticks to Snakes         Tmut           #.......     16%         2    None
 Sublimation of Blood     Necr           #.........   16%         2    None
 Spider Form              Tmut/Pois      #.........   32%         3    #......
 Ice Form                 Ice/Tmut       #.......     71%         4    ###....
 Summon Ice Beast         Ice/Summ       #.......     71%         4    ###....
 Blade Hands              Tmut           #.........   96%         5    #####..


Dungeon Overview and Level Annotations

Branches:
Dungeon (8/15)             Temple (1/1) D:6            Lair (0/6) D:8

Altars:
Ashenzari
Cheibriados
Dithmenos
Elyvilon
Fedhas
Gozag
Hepliaklqana
Kikubaaqudgha
Makhleb
Nemelex Xobeh
Okawaru
Qazlal
Ru
Sif Muna
Trog
Uskayaw
Vehumet
Wu Jian
Xom
Yredelemnul
Zin
The Shining One

Shops:
D:6 =

Annotations:
D:8 1 runed translucent door


Innate Abilities, Weirdness & Mutations

You are mostly covered in rugged brown scales. (AC +2, +5% HP)
Your flesh is heat resistant. (rF+)
You sometimes gain a little power by taking damage.
You are immune to clouds of flame.
You are agile. (Dex +2)
You passively map a small area around you.
You are robust. (+10% HP)


Message History

The wraith hits you!
* * * LOW HITPOINT WARNING * * *
You focus on the pain.
You feel agile all of a sudden.
Okay, then.
It was a potion of magic.
Magic courses through your body. The wraith hits you!
* * * LOW HITPOINT WARNING * * *
The wraith drains your vigour!
You feel as though you will be slow longer.
You block the wraith's attack.
Casting: Flame Tongue (safe; 1% risk of failure)
Confirm with . or Enter, or press ? or * to list all spells.
Aiming: Throw Flame (safe; 1% risk of failure)
Press: ? - help, Shift-Dir - straight line, f/p - wraith
Aim: a wraith (heavily damaged)
The puff of flame hits the wraith.
The wraith is severely damaged.
You block the wraith's attack.
You feel better. The wraith hits you!
You die...

##'##...## , ***
,#.#..⌠.b*### *
##.##...*##.##* * ,
#+##...##'# #...# , *,
##.......Wb###._.#* * , *
+#..###+###b.#'...#####*
,##..###...###..##.##...##
*##..##.......##..###.....#
+....'..._...@Wb..'......#
###..##.......##b.###.....#
,##.##..###...###..##.##...##
*#...'#..###+###..#)...#####
#...###.........###._.# *,
#...###'##8.8##'###...# * ,*
##.###...##+##...###(## ** *
####.....# #.._..####*, , *
#######...## ##...## #.#


You could see a wraith and 2 fire bats.

Vanquished Creatures
  Erica (D:8)
  A shadow (D:8)
  2 wraiths (D:8)
  5 fire bats (D:8)
  4 hogs
  A human (D:8)
  A hungry ghost (D:8)
  Edmund (D:4)
  A black bear (D:6)
  2 ice beasts (D:4)
  A phantom (D:5)
  2 sky beasts (D:7)
  5 ogres
  3 centaurs (D:7)
  2 bullfrogs
  A scorpion (D:5)
  3 killer bees (D:8)
  3 crimson imps
  2 jellies (D:2)
  A centaur skeleton (D:7)
  4 hounds
  3 orc wizards
  Terence (D:3)
  An iguana (D:5)
  4 worker ants
  2 hound skeletons (D:8)
  4 gnolls (D:5)
  9 adders
  A shadow imp (D:5)
  10 oozes
  An adder zombie (D:5)
  An adder skeleton (D:7)
  4 worms
  2 dart slugs
  8 leopard geckos
  15 orcs
  A ball python (D:3)
  54 bats
  4 giant cockroaches
  12 goblins
  19 hobgoblins
  3 jackals (D:8)
  19 kobolds
  4 quokkas
  3 frilled lizards
  2 leopard gecko zombies (D:5)
  A quokka skeleton (D:8)
  6 rats
240 creatures vanquished.

Vanquished Creatures (others)
  7 toadstools (D:2)
7 creatures vanquished.

Grand Total: 247 creatures vanquished

Notes
Turn   | Place    | Note
-------+----------+-------------------------------------------
     0 | D:1      | Dexcius the Demonspawn Fire Elementalist began the quest
                  | for the Orb.
     0 | D:1      | Reached XP level 1. HP: 13/13 MP: 3/3
   521 | D:1      | Gained mutation: You sometimes gain a little power by
                  | taking damage. [demonic ancestry]
   521 | D:1      | Reached XP level 2. HP: 13/19 MP: 0/5
  1439 | D:2      | Gained mutation: You are partially covered in rugged brown
                  | scales. (AC +1, +3% HP) [demonic ancestry]
  1439 | D:2      | Reached XP level 3. HP: 18/24 MP: 0/6
  1978 | D:2      | Gained mutation: You are mostly covered in rugged brown
                  | scales. (AC +2, +5% HP) [demonic ancestry]
  1978 | D:2      | Reached XP level 4. HP: 14/31 MP: 2/8
  2168 | D:2      | Reached XP level 5. HP: 34/36 MP: 1/9
  2287 | D:2      | Reached skill level 1 in Maces & Flails
  2945 | D:3      | Noticed Terence
  3021 | D:3      | Killed Terence
  3455 | D:4      | Found a transporter.
  3458 | D:4      | Noticed an ice beast
  3458 | D:4      | Noticed an ice beast
  3478 | D:4      | Noticed an ogre
  3508 | D:4      | Killed an ogre
  3508 | D:4      | Reached XP level 6. HP: 43/44 MP: 5/11
  3563 | D:4      | Learned a level 3 spell: Conjure Flame
  3595 | D:4      | Noticed Edmund
  3649 | D:4      | Found a transporter.
  3895 | D:4      | Killed Edmund
  4238 | D:4      | Learned a level 2 spell: Throw Flame
  4768 | D:4      | Killed an ice beast
  4768 | D:4      | Reached skill level 1 in Fighting
  4768 | D:4      | Reached XP level 7. HP: 42/50 MP: 3/13
  4814 | D:4      | Identified the Handbook of Snow and Black Magic
  4986 | D:5      | Entered Level 5 of the Dungeon
  5261 | D:5      | HP: 1/50 [phantom (7)]
  5693 | D:5      | Gained mutation: You are robust. (+10% HP) [potion of
                  | mutation]
  5693 | D:5      | Gained mutation: You are agile. (Dex +2) [potion of
                  | mutation]
  5693 | D:5      | Gained mutation: You passively map a small area around you.
                  | [potion of mutation]
  5693 | D:5      | Gained mutation: Your flesh is heat resistant. (rF+)
                  | [potion of mutation]
  5789 | D:5      | Reached skill level 1 in Shields
  6034 | D:5      | Reached XP level 8. HP: 50/62 MP: 15/15
  6452 | D:5      | Found a glowing silver altar of Zin.
  7263 | D:6      | Reached skill level 5 in Spellcasting
  7399 | D:6      | Found Nuiph's Jewellery Shoppe.
  7536 | D:6      | Found a staircase to the Ecumenical Temple.
  7548 | D:6      | Reached skill level 5 in Fire Magic
  7613 | Temple   | Entered the Ecumenical Temple
  7737 | Temple   | Became a worshipper of Vehumet
  8105 | D:7      | Got a pair of transparent boots
  8116 | D:7      | Identified the +0 pair of boots "Juavek" {+Inv rN+} (You
                  | found it on level 7 of the Dungeon)
  8200 | D:7      | Reached skill level 5 in Conjurations
  8641 | D:7      | Mutation became permanent: Your flesh is heat resistant.
                  | (rF+) [demonic ancestry]
  8641 | D:7      | Gained mutation: Your flesh is heat resistant. (rF+)
                  | [demonic ancestry]
  8641 | D:7      | Reached XP level 9. HP: 65/71 MP: 4/17
  9823 | D:8      | Reached * piety under Vehumet
  9823 | D:8      | Offered knowledge of Sandblast by Vehumet.
 10052 | D:8      | Found a staircase to the Lair.
 10131 | D:8      | Noticed Erica
 10145 | D:8      | Killed Erica
 10277 | D:8      | Got a wavering tin ring
 10278 | D:8      | Identified the ring "Pukilacs" {rElec rPois MR+ Str+3} (You
                  | found it on level 8 of the Dungeon)
 10498 | D:8      | Found a runed translucent door.
 10520 | D:8      | Gained mutation: You are immune to clouds of flame.
                  | [demonic ancestry]
 10520 | D:8      | Reached XP level 10. HP: 39/78 MP: 5/20
 10739 | D:8      | Found a hazy altar of Hepliaklqana.
 11321 | D:8      | Found a shimmering altar of Xom.
 11572 | D:8      | Found an ancient bone altar of Kikubaaqudgha.
 11575 | D:8      | Offered knowledge of Sting by Vehumet.
 11580 | D:8      | Reached ** piety under Vehumet
 11844 | D:8      | Found a bloodstained altar of Trog.
 12299 | D:8      | HP: 3/79 [wraith (10)]
 12301 | D:8      | Slain by a wraith

Levels and vault maps discovered:
D:1:      wheals_arrival_linesprint, layout_basic
D:2:      cheibrodos_fertilizer, layout_rooms
D:3:      layout_rooms, uniq_terence
D:4:      gammafunk_cloud_chamber, layout_loops_ring, first_ration, uniq_edmund
D:5:      corexii_shantytown, layout_basic, nicolae_overflow_crystal_walls
D:6:      layout_rooms, minmay_temple_entry_slanted, serial_shops, shop
D:7:      layout_rooms, serial_bayou_lagoon_a, grunt_livestock
D:8:      due_megacathedral, layout_basic, dpeg_oklobed_lair,
          minmay_mini_ossuary, uniq_erica, uniq_prince_ribbit1
Temple:   compressed_dpeg_circular_temple

Skill      XL: |  1  2  3  4  5  6  7  8  9 10 |
---------------+-------------------------------+-----
Fire Magic     | 3 4 5 7 |  7.3
Dodging        | 2 3 4 |  4.4
Conjurations   | 2 3 4 5 6 7 |  7.4
Spellcasting   | 3 4 5 7 |  7.4
Maces & Flails | 1 2 3 |  3.5
Stealth        | 2 3 |  3.4
Fighting       | 1 2 |  2.9
Shields        | 1 2 |  2.6

Action                   |  1- 3 |  4- 6 |  7- 9 | 10-12 || total
-------------------------+-------+-------+-------+-------++-------
Melee: Mace              |    24 |    26 |   181 |    77 ||   308
 Cast: Flame Tongue      |    53 |   101 |   293 |   101 ||   548
       Throw Flame       |       |     6 |    47 |     1 ||    54
       Conjure Flame     |       |     1 |    10 |       ||    11
  Use: Potion            |       |     7 |     7 |     3 ||    17
       Scroll            |       |     4 |     3 |       ||     7
 Stab: Sleeping          |       |       |     2 |       ||     2
  Eat: Ration            |     1 |     3 |     5 |     3 ||    12
Armor: Robe              |     3 |    14 |    53 |    69 ||   139
Dodge: Dodged            |    33 |    45 |   163 |   173 ||   414
Block: Buckler           |     3 |    13 |    84 |    73 ||   173

Table legend:
 A = Non-vault XP
 B = Vault XP
 C = Vault XP percentage of total XP
 D = Non-vault monster count
 E = Vault monster count
 F = Vault count percentage of total count
                 A         B        C        D         E       F
            +---------+---------+-------+---------+---------+-------
      Total |    4101 |    3289 |  44.5 |     178 |      62 |  25.8
            +---------+---------+-------+---------+---------+-------
        D:1 |      35 |       0 |   0.0 |      19 |       0 |   0.0
        D:2 |      27 |     159 |  85.5 |      15 |      16 |  51.6
        D:3 |      45 |      36 |  44.4 |      18 |       1 |   5.3
        D:4 |     195 |     424 |  68.5 |       7 |       3 |  30.0
        D:5 |     798 |     115 |  12.6 |      27 |      33 |  55.0
        D:6 |     433 |       0 |   0.0 |      13 |       0 |   0.0
        D:7 |     837 |     399 |  32.3 |      13 |       2 |  13.3
        D:8 |    1731 |    2156 |  55.5 |      66 |       7 |   9.6
            +---------+---------+-------+---------+---------+-------
